[Event "Indian Rapid Championship 2023-24"]
[Site "Nashik"]
[Date "2024.03.06"]
[Round "9.9"]
[White "Laxman, R.R."]
[Black "Ayush Sharma"]
[Result "0-1"]
[ECO "A32"]
[WhiteElo "2331"]
[BlackElo "2311"]
[Annotator "TA"]
[PlyCount "106"]
[EventDate "2024.03.02"]
[EventType "swiss"]
[EventCountry "IND"]
[SourceTitle "playchess.com"]
[Source "ChessBase"]
[SourceQuality "1"]
[TimeControl "900+10"]

1. d4 Nf6 2. c4 e6 3. g3 c5 4. Nf3 cxd4 5. Nxd4 Qc7 6. Nd2 Nc6 7. Nb5 Qb6 8. Bg2 d5 9. O-O Bd7 {[%emt 0:00:39] Die Stellung ist ausgeglichen.} 10. Nc3 d4 11. Nce4 Be7 12. Nxf6+ Bxf6 13. Ne4 Be7 {[%emt 0:00:03] Wehrt c5 ab} 14. a3 f5 15. Ng5 a5 16. e4 (16. e3 $14) 16... O-O $11 17. exf5 Rxf5 18. Ne4 a4 19. Bd2 Ne5 20. c5 Bxc5 $15 (20... Qxb2 21. Rb1 Qxa3 22. Rxb7 $16) 21. Nxc5 Qxc5 22. Bb4 (22. Bxb7 $15 Bc6 23. Bb4 (23. Rc1 Qxc1 24. Bxc1 Nf3+ $17)) 22... Qb6 $17 23. Rc1 Bc6 24. Bc5 $2 (24. Rc5 $17) 24... Qb5 $19 (24... Qxb2 25. Qxd4 Nf3+ 26. Bxf3 Qxd4 27. Bxd4 $19) 25. Bxc6 Nxc6 (25... Qxc6 26. f4) 26. Bd6 {[%emt 0:00:29] Weiss ist schwach auf den weissen Feldern} (26. Bxd4 $142 Rd8 27. Rxc6 Qxc6 28. Qg4) 26... Qd5 27. Bb4 Ne5 {[%emt 0:00:47] Zielt auf ...Nf3+ ab.} 28. f4 Nc4 29. Rf2 d3 30. Bc3 $2 (30. Qf3 d2 31. Rd1) 30... b5 (30... e5 $142 {Droht ...e4 und aus.} 31. Qg4 Raf8) 31. Qg4 Rf7 {[%emt 0:00:02] Aktives Gegenspiel!} 32. Qf3 Rd8 33. Qxd5 Rxd5 (33... exd5 $2 34. Rd1 $17) 34. Re1 Rfd7 (34... d2 35. Rd1 $19) 35. Rd1 Ne3 36. Re1 {[%emt 0:00:07] [#]} Nc4 (36... d2 $1 37. Bxd2 Ng4 (37... Rxd2 38. Rxe3 Kf7 39. Re4 $11)) 37. Rd1 $1 h5 38. Rf3 Kh7 39. Re1 R7d6 40. Kf2 Rc6 41. Kg1 {[%emt 0:00:40] [#]} (41. Rd1 $142 Nxb2 42. Bxb2 Rc2+ 43. Kg1 Rxb2 44. Rfxd3) 41... Nxa3 $1 42. Rd1 {[%emt 0:00:00] [#]} Rxc3 $1 43. bxc3 {[%emt 0:00:02][%mdl 4096] Endspiel. KRR-KRN} d2 44. Kf2 Nc4 45. Ke2 a3 {[%emt 0:00:08] Weiss muss nun ...e5 beachten.} 46. Rff1 Kg6 {[%emt 0:00:32] ...Kf5 wäre nun fies.} 47. Ra1 Kf5 48. Rfd1 Ke4 {[%emt 0:00:22] Und ...Rd3 würde nun gewinnen.} 49. Rab1 Rd3 50. Rxb5 Re3+ 51. Kf2 Kd3 52. Rb4 Re2+ (52... Kxc3 $2 {ist das falsche Schlagen.} 53. Rxc4+ Kd3 54. Rc3+ (54. Ra4 Re2+ 55. Kf1 Rxh2 $14) 54... Kxc3 55. Kxe3 $18) 53. Kf3 Re1 {[%emt 0:00:12] Gewichteter Fehlerwert: Weiß=0.84/Schwarz=0.21 (präzise) .  Verlustzug:     	Weiß=1     	---        Fehler:       	Weiß=6     	Schwarz=2     Ungenau:       	Weiß=1     	Schwarz=4     OK:         	Weiß=9     	Schwarz=13    Bester:       	Weiß=1     	Schwarz=2     Stark:        	Weiß=1     	---        Brilliant:      	---       	Schwarz=1} 0-1

[Event "Indian Rapid Championship 2023-24"]
[Site "Nashik"]
[Date "2024.03.06"]
[Round "9.10"]
[White "Vaz, Ethan"]
[Black "Vignesh Advaith Vemula"]
[Result "1-0"]
[ECO "B07"]
[WhiteElo "2409"]
[BlackElo "2201"]
[Annotator "TA"]
[PlyCount "47"]
[EventDate "2024.03.02"]
[EventType "swiss"]
[EventCountry "IND"]
[SourceTitle "playchess.com"]
[Source "ChessBase"]
[SourceQuality "1"]
[TimeControl "900+10"]

1. e4 c5 2. c3 d6 3. d4 Nf6 4. Bd3 Nc6 5. Nf3 g6 6. O-O Bg7 7. h3 O-O 8. Re1 Qb6 9. d5 Ne5 10. Nxe5 dxe5 {[%emt 0:00:02] White is better.} 11. Nd2 Ne8 12. Nc4 Qc7 13. a4 Nd6 14. Qe2 {[%emt 0:00:31] White is more active.} Bd7 15. Bg5 Rfe8 16. Bh4 b6 17. Bg3 Nb7 18. Ne3 Nd6 19. f4 exf4 20. Bxf4 e5 {[%emt 0:00:00] [#]} 21. dxe6 $1 Bxe6 22. Bb5 Red8 23. Nd5 Qb7 {[%emt 0:00:47] [#]} (23... Bxd5 $16 {is more resistant.} 24. exd5 Rac8) 24. Bc6 $1 {[%emt 0:00:04][%mdl 512] Weighted Error Value: White=0.04 (flawless) /Black=0.45.  Loses game:     	---       	Black=1      Inaccurate:     	---       	Black=1      OK:         	White=6     	Black=4      Best:        	White=1     	---        Strong:       	White=1     	---        Brilliant:      	White=1     	---} 1-0

[Event "Indian Rapid Championship 2023-24"]
[Site "Nashik"]
[Date "2024.03.06"]
[Round "10.1"]
[White "Wagh Suyog"]
[Black "Ghosh, Diptayan"]
[Result "1/2-1/2"]
[ECO "D02"]
[WhiteElo "2250"]
[BlackElo "2559"]
[Annotator "TA"]
[PlyCount "50"]
[EventDate "2024.03.02"]
[EventType "swiss"]
[EventCountry "IND"]
[SourceTitle "playchess.com"]
[Source "ChessBase"]
[SourceQuality "1"]
[TimeControl "900+10"]

1. Nf3 d5 2. g3 Nd7 3. d4 Nb6 4. Nc3 Nf6 5. Bg2 Bf5 6. Nh4 Bc8 7. O-O g6 8. e4 {[%emt 0:00:59] White is slightly better.} dxe4 9. Nxe4 Nxe4 10. Bxe4 Bg7 11. c3 O-O 12. Qc2 c6 13. Re1 Be6 14. Bg2 Qd7 15. Nf3 Bf5 16. Qb3 Be6 17. Qc2 Bf5 18. Qb3 Be6 19. Qc2 Bf5 20. Qb3 Be6 21. Qc2 Bf5 22. Qb3 Be6 23. Qc2 Bf5 24. Qb3 Be6 25. Qc2 Bf5 {[%emt 0:00:09] Weighted Error Value: White=0.18 (very precise) /Black=0.03 (flawless) .  Inaccurate:     	White=1     	---        OK:         	White=2     	Black=12     Best:        	---       	Black=1} 1/2-1/2

[Event "Indian Rapid Championship 2023-24"]
[Site "Nashik"]
[Date "2024.03.06"]
[Round "10.2"]
[White "Aronyak Ghosh"]
[Black "Srihari L R"]
[Result "1/2-1/2"]
[ECO "A37"]
[WhiteElo "2517"]
[BlackElo "2490"]
[Annotator "TA"]
[PlyCount "57"]
[EventDate "2024.03.02"]
[EventType "swiss"]
[EventCountry "IND"]
[SourceTitle "playchess.com"]
[Source "ChessBase"]
[SourceQuality "1"]
[TimeControl "900+10"]

1. Nf3 c5 2. c4 Nc6 3. Nc3 g6 4. g3 Bg7 5. Bg2 d6 6. d3 e5 7. a3 Nge7 8. O-O a5 9. Bg5 h6 10. Bxe7 Nxe7 11. Rb1 O-O 12. Ne1 Rb8 13. Nc2 Be6 14. Ne3 f5 15. Ned5 {[%emt 0:01:05] White is more active.} Kh7 {[%emt 0:00:47] White is slightly better.} 16. b4 axb4 17. axb4 Nxd5 18. Bxd5 Bxd5 19. Nxd5 b5 20. cxb5 Rxb5 21. bxc5 Rxc5 22. e4 {[%emt 0:00:02] The position is equal.} Rf7 {[%emt 0:00:20] Prevents Rb7.} 23. Rc1 Rxc1 24. Qxc1 f4 25. f3 h5 26. Kg2 fxg3 27. hxg3 Bh6 28. Qd1 Rb7 29. Qe2 {[%emt 0:00:39] Weighted Error Value: White=0.08 (flawless) /Black=0.06 (flawless) .  Inaccurate:     	White=1     	---        OK:         	White=1     	Black=5      Best:        	---       	Black=1} 1/2-1/2

[Event "Indian Rapid Championship 2023-24"]
[Site "Nashik"]
[Date "2024.03.06"]
[Round "10.3"]
[White "Ayush Sharma"]
[Black "Sammed Jaykumar, Shete"]
[Result "1-0"]
[ECO "E11"]
[WhiteElo "2311"]
[BlackElo "2404"]
[Annotator "TA"]
[PlyCount "85"]
[EventDate "2024.03.02"]
[EventType "swiss"]
[EventCountry "IND"]
[SourceTitle "playchess.com"]
[Source "ChessBase"]
[SourceQuality "1"]
[TimeControl "900+10"]

1. Nf3 d5 2. d4 Nf6 3. c4 e6 4. g3 Bb4+ 5. Bd2 Be7 6. Bg2 Nbd7 7. Qc2 c6 8. O-O {[%emt 0:00:04] White has an edge.} Ne4 9. Nc3 Nxd2 10. Nxd2 O-O 11. Rfd1 Rb8 12. e4 dxc4 13. Nxc4 b5 14. Ne3 c5 15. d5 Qb6 16. a4 a6 17. a5 Qa7 18. Kh1 (18. b3 $11) 18... c4 $15 19. b3 Ne5 (19... cxb3 $15 20. Qxb3 Nc5) 20. bxc4 $11 bxc4 21. Na4 $36 {[%emt 0:01:57][%mdl 2048] White is pushing.} Bd7 22. Nb6 (22. Nxc4 $2 Nxc4 23. Qxc4 Rb4 $19) 22... Bb5 23. Bf1 (23. Nbxc4 $2 Nxc4 24. Nxc4 Rfc8 25. dxe6 (25. Bf1 $2 Bxc4 26. Bxc4 Rb4 $19) 25... Bxc4 $19) (23. d6 {looks sharper.} Bf6 24. Rab1 Bd8 25. Nbxc4 Rc8 26. Bf1) 23... exd5 24. Nexd5 Bc5 25. h3 {[%emt 0:00:59] White is more active.} (25. Bxc4 Bxc4 (25... Nxc4 26. Nxc4 Rfc8 27. Ncb6 $16) 26. Nxc4 Nxc4 $16) (25. f3 $16) 25... Bxb6 26. axb6 (26. Nxb6 Nd3 $15) 26... Qb7 27. Rac1 f5 $2 {[%emt 0:00:52] [#] A mistake that costs the game.} 28. f4 $1 $18 (28. exf5 Nd3 29. Bg2 (29. Bxd3 cxd3 30. Rxd3 Bxd3 $15) 29... Kh8 $11) 28... Nd3 29. Bxd3 cxd3 {[%emt 0:00:01] [#]} 30. Qa2 Kh8 $2 {[%emt 0:01:19] Black is weak on the dark squares} (30... fxe4 $2 31. Rc7 $18) (30... Rf7 {is more resistant.}) 31. Rc7 Qa8 32. Rdc1 {[%emt 0:00:58][%cal Oc7g7] Threatens to win with Rxg7!} Rbe8 $2 (32... fxe4 33. Rxg7 Rf5 34. Qb2 Qxd5 35. Re7+ (35. Rb7+ Re5 $18) (35. Rb7+ Re5 $18)) (32... Rg8 33. Kg2 (33. exf5 $2 Rxb6 34. Kh2 Rd6 $17) 33... fxe4) 33. Qb2 Rg8 34. b7 {[%emt 0:00:58] Intending Rxg7 and mate.} Qb8 35. Ne7 (35. exf5 Re2 36. Qd4 d2 $11) 35... d2 36. Qxd2 (36. Nxg8 d1=Q+ (36... dxc1=R+ 37. Qxc1 Rxg8 38. Qc3 $11) 37. Rxd1 Qxc7 $11) 36... fxe4 37. Nxg8 {[%emt 0:00:20] White mates.} e3 38. Qd4 Rxg8 39. Qxe3 Qd8 40. Qe5 Qd3 41. R7c3 ({And not} 41. b8=Q Qf3+ 42. Kh2 (42. Kg1 Qxg3+ 43. Kh1 Qxh3+ 44. Kg1 Qg3+ 45. Kh1 Qf3+ 46. Kh2 Qf2+ 47. Kh1 Qf3+ 48. Kh2 Qf2+ 49. Kh1 Qf3+ $11) 42... Qf2+ 43. Kh1 Qf3+ 44. Kh2 (44. Kg1 Qxg3+ 45. Kh1 Qf3+ 46. Kh2 Qf2+ 47. Kh1 Qf3+ 48. Kg1 Qg3+ 49. Kh1 Qxh3+ 50. Kg1 Qg3+ 51. Kh1 Qf3+ 52. Kh2 Qf2+ 53. Kh3 Bf1+ 54. Rxf1 Qxf1+ 55. Kh2 Qf2+ 56. Kh3 Qf3+ 57. Kh2 Qf2+ 58. Kh3 Qf3+ 59. Kh2 Qf2+ $11) 44... Qf2+ 45. Kh1 Qf3+ $11) 41... Bc6+ 42. Kg1 Qd7 43. b8=Q {[%emt 0:00:06] Weighted Error Value: White=0.09 (flawless) /Black=0.39.  Loses game:     	---       	Black=1      Mistake:       	White=2     	Black=3      Inaccurate:     	---       	Black=3      OK:         	White=11    	Black=12     Best:        	White=3     	Black=1      Strong:       	White=1     	---} 1-0

[Event "Indian Rapid Championship 2023-24"]
[Site "Nashik"]
[Date "2024.03.06"]
[Round "10.4"]
[White "Raja Rithvik R"]
[Black "Vaz, Ethan"]
[Result "1-0"]
[ECO "E06"]
[WhiteElo "2532"]
[BlackElo "2409"]
[Annotator "TA"]
[PlyCount "131"]
[EventDate "2024.03.02"]
[EventType "swiss"]
[EventCountry "IND"]
[SourceTitle "playchess.com"]
[Source "ChessBase"]
[SourceQuality "1"]
[TimeControl "900+10"]

1. Nf3 d5 2. d4 Nf6 3. c4 e6 4. g3 Be7 5. Bg2 O-O 6. Qc2 dxc4 7. Qxc4 a6 8. Qc2 b5 9. Ne5 Nd5 (9... Ra7 $11) 10. O-O Bb7 {[%emt 0:00:02] Weiß steht etwas besser.} 11. a3 {[%emt 0:00:18] Verhindert Nb4.} Qc8 12. e4 Nb6 13. Be3 N8d7 14. Nc6 Bxc6 15. Qxc6 Nc4 16. Nd2 Nb8 17. Qxa8 Nb6 18. Qa7 Nc6 19. Qxb6 cxb6 20. Rac1 Qd7 21. d5 Ne5 22. Bxb6 Rc8 {[%emt 0:01:06] Wehrt Rc7 ab} 23. b4 Nd3 24. Rcd1 Nb2 {[%emt 0:00:12][%mdl 1024] Schwarz hat Kompensation.} 25. Rc1 Nd3 26. Rb1 Rc3 27. Nb3 Ne5 28. Rfd1 {[%emt 0:01:52] Und jetzt Bd4 wäre schön.} Bd6 (28... exd5 $11 29. exd5 Rd3) 29. Bd4 $16 Rd3 $2 {[%emt 0:00:20] Verliert die Partie.} (29... Rc2 $16) 30. Bxe5 $18 Rxd1+ 31. Rxd1 Bxe5 {[%emt 0:00:01] [#]} 32. d6 g6 (32... Bxd6 $2 33. e5 $18) (32... g5 33. Nc5) 33. Nc5 Qd8 34. d7 {[%emt 0:00:05][%cal Oc5b7] Zielt auf Nb7! ab.} ({Bloß nicht} 34. Nxa6 Bf6 (34... Bxd6 $2 {verliert.} 35. e5 $18) 35. Nc5 (35. d7 Kg7 $18) 35... h6 $18) 34... Bc7 35. Nb7 Qf6 36. d8=Q+ Bxd8 37. Rxd8+ Kg7 38. Rd3 Qa1+ 39. Bf1 Qe5 40. Nc5 a5 41. Rd7 axb4 42. axb4 Qc3 (42... Kf8 $142 43. Bxb5 Qc3) 43. Nxe6+ Kh6 44. Rxf7 {[%emt 0:00:39] [#] Weiss will mit Nf8 Matt setzen.} Qb3 45. Nd8 {[%emt 0:00:18] Droht stark Rd7.} Qxb4 46. Rb7 {[%emt 0:00:01] e5 wäre nun fies.} g5 47. Rxb5 Qxe4 48. Nf7+ {[%emt 0:00:02] Weiß setzt Matt.} Kg7 49. Nxg5 Qe7 50. h4 h6 51. Nh3 Qe4 52. Nf4 Qe1 53. Rb7+ Kf6 54. Rh7 Qd2 55. Rxh6+ Kg7 56. Rg6+ Kh7 57. Re6 Kh8 58. Bd3 Kg7 59. Be4 Kf7 60. Kg2 Qb2 61. h5 Kf8 62. h6 Qc3 63. h7 Kf7 64. Rh6 Qh8 65. Ng6 Qd4 66. Bf3 {[%emt 0:00:10] Gewichteter Fehlerwert: Weiß=0.09 (makellos) /Schwarz=0.40.  Verlustzug:     	---       	Schwarz=1     Fehler:       	---       	Schwarz=3     Ungenau:       	Weiß=2     	Schwarz=2     OK:         	Weiß=17    	Schwarz=14    Bester:       	Weiß=2     	Schwarz=4} 1-0

[Event "Indian Rapid Championship 2023-24"]
[Site "Nashik"]
[Date "2024.03.06"]
[Round "10.5"]
[White "Sriram, Jha"]
[Black "Das, Arghyadip"]
[Result "1/2-1/2"]
[ECO "D13"]
[WhiteElo "2312"]
[BlackElo "2405"]
[Annotator "TA"]
[PlyCount "24"]
[EventDate "2024.03.02"]
[EventType "swiss"]
[EventCountry "IND"]
[SourceTitle "playchess.com"]
[Source "ChessBase"]
[SourceQuality "1"]
[TimeControl "900+10"]

1. d4 d5 2. c4 c6 3. cxd5 cxd5 4. Nc3 Nf6 5. Nf3 Nc6 6. Bf4 a6 7. e3 Bf5 8. Bd3 Bxd3 9. Qxd3 e6 10. O-O Bd6 {[%emt 0:00:04] The position is equal.} 11. Bxd6 Qxd6 12. a3 O-O {[%emt 0:00:04] An uneventful encounter.} 1/2-1/2

[Event "Indian Rapid Championship 2023-24"]
[Site "Nashik"]
[Date "2024.03.06"]
[Round "10.6"]
[White "Utsab Chatterjee"]
[Black "Aradhya, Garg"]
[Result "1/2-1/2"]
[ECO "C88"]
[WhiteElo "2301"]
[BlackElo "2385"]
[Annotator "TA"]
[PlyCount "106"]
[EventDate "2024.03.02"]
[EventType "swiss"]
[EventCountry "IND"]
[SourceTitle "playchess.com"]
[Source "ChessBase"]
[SourceQuality "1"]
[TimeControl "900+10"]

1. e4 e5 2. Nf3 Nc6 3. Bb5 a6 4. Ba4 Nf6 5. O-O Be7 6. Re1 b5 7. Bb3 O-O 8. a4 b4 9. d4 d6 10. dxe5 Nxe5 11. Nxe5 {[%emt 0:00:35] C88: Closed Ruy Lopez: Anti-Marshall Systems.} dxe5 12. Qe2 a5 13. Nd2 Bc5 14. h3 Qe7 15. Bc4 Bb7 16. Bd3 Nd7 17. Nb3 Bb6 18. Qg4 $146 ({Predecessor:} 18. Be3 Nc5 19. Nxc5 Bxc5 20. Bc4 Bd6 21. Bd2 Kh8 22. Bd3 Bc5 23. c3 Rad8 24. cxb4 Bxb4 25. Bxb4 Qxb4 {½-½ Quparadze,G (2471)-Annaberdiev,M (2489) Kahramanmaras op 9th 2018 (9)}) 18... Nf6 19. Qh4 Bc6 20. Be3 Rfd8 21. Nd2 Bxe3 22. Rxe3 Nd5 23. Qxe7 Nxe7 24. Nc4 f6 25. b3 Bd7 26. Rc1 Nc6 27. Nd2 Be6 28. c3 bxc3 29. Rxc3 Nb4 30. Bc4 Kf7 31. Re2 Bxc4 32. Rxc4 c6 33. Rc5 Rd3 34. g3 Ke6 35. Kg2 Rad8 36. Nc4 Rc3 37. Re3 Rxe3 38. Nxe3 Rd2 39. Rxa5 Nd3 40. Ra7 g6 41. a5 (41. Rxh7 Rxf2+ 42. Kg1 Re2) 41... Rxf2+ 42. Kg1 Rf3 43. Nf1 (43. Nc4 $5 Rxg3+ (43... Nc5 44. Rc7 $16) 44. Kh2 $11) 43... Nc5 {[%emt 0:00:04] [#]} (43... Rf2 $1 $11 {keeps the balance.}) 44. b4 $2 (44. a6 $1 $16 {[%cal Oa7e7] is necessary to keep the advantage. Threatens to win with Re7+!} Kd6 (44... Nxb3 $2 45. Ra8 $18) (44... Nxe4 $2 45. Rb7 $18) 45. Nd2 Rxg3+ 46. Kh2) 44... Nxe4 $17 45. Rxh7 (45. Rc7 $17) 45... Rb3 (45... Nxg3 $19 46. Nxg3 Rxg3+ 47. Kf1 Rb3) 46. Rc7 $15 Kd6 ({Much weaker is} 46... Nxg3 47. Rxc6+ Kf5 48. Nxg3+ Rxg3+ 49. Kh2 $11) 47. Rb7 Nxg3 (47... Rb1 $1 $15 48. Kg2 Rb2+ 49. Kg1 Ng5) 48. Nd2 $1 $11 Rc3 $1 49. a6 Rc1+ $1 50. Kf2 (50. Kg2 $5 Rc2 $8 51. Kxg3 Rxd2 52. Rg7 $14) 50... Rc2 $1 51. Ke3 (51. Ke1 $5 Rc1+ $8 52. Kf2 $11) 51... Rc3+ 52. Kf2 Rc2 $1 ({But not} 52... e4 $2 53. a7 e3+ 54. Kg2 (54. Kxg3 {gets mated.} exd2+ 55. Kf4 d1=Q) 54... exd2 55. a8=Q $18 (55. a8=B d1=Q)) 53. Ke3 (53. Ke1 $5 Rc1+ $8 54. Kf2 Rc2 $11) 53... Rc3+ 1/2-1/2

[Event "Indian Rapid Championship 2023-24"]
[Site "Nashik"]
[Date "2024.03.06"]
[Round "10.7"]
[White "Mitrabha, Guha"]
[Black "Kushagra Mohan"]
[Result "1-0"]
[ECO "A28"]
[WhiteElo "2526"]
[BlackElo "2351"]
[Annotator "TA"]
[PlyCount "67"]
[EventDate "2024.03.02"]
[EventType "swiss"]
[EventCountry "IND"]
[SourceTitle "playchess.com"]
[Source "ChessBase"]
[SourceQuality "1"]
[TimeControl "900+10"]

1. c4 e5 2. Nc3 Nf6 3. Nf3 Nc6 4. e4 Bb4 5. d3 d6 6. a3 Bc5 7. b4 Bb6 8. Be3 {[%emt 0:00:02] The position is equal.} Bg4 9. Be2 Bxf3 10. Bxf3 Nd4 11. O-O O-O 12. Na4 Nxf3+ 13. Qxf3 Bxe3 14. Qxe3 c6 15. Nc3 Re8 16. Rad1 d5 17. exd5 cxd5 {[%emt 0:00:01] [#] ...d4 would now be deadly.} 18. Qf3 Rc8 19. Rfe1 dxc4 (19... g6 $11 {keeps the balance.}) 20. dxc4 $16 (20. Qxb7 $2 cxd3 21. Ne4 Nxe4 22. Qxe4 d2 $19) 20... Qe7 21. Nb5 {[%emt 0:00:52] And now Nd6 would win. White has more active pieces.} Rxc4 {[%emt 0:01:55] Loses the game.} (21... Rc6 $16 {is a better defense.} 22. Nd4 (22. Nxa7 Rxc4 23. h3 g6 $16) 22... Rc7 (22... Rxc4 $2 23. Nf5 $18)) 22. Nd6 $1 $18 (22. Nxa7 h6 $11) 22... Rf4 (22... e4 23. Qe3 (23. Nxc4 exf3 24. Rxe7 Rxe7 $15) (23. Nxe8 Qxe8 24. Qf5 h6 $18) 23... Rcc8 24. Nxe8 (24. Nxc8 Rxc8 25. Qxa7 h5 $18) 24... Qxe8 25. Qxa7 Qb5) 23. Qxf4 ({Not} 23. Qxb7 Qxb7 24. Nxb7 h5 $14) 23... exf4 24. Nxe8 $1 Ne4 {[%emt 0:00:59] [#]} 25. Nd6 {[%emt 0:00:35][%mdl 512] Prevents f5.} f5 (25... Qxd6 26. Rxd6) 26. f3 Qg5 27. fxe4 f3 28. g3 (28. Nxb7 $2 Qxg2#) 28... f4 29. Kf2 (29. Nxb7 fxg3 30. Nd6 (30. Rd8+ $2 Qxd8 31. Nxd8 f2+ 32. Kf1 fxe1=Q+ 33. Kxe1 gxh2 $19) 30... f2+ 31. Kg2 fxe1=N+ (31... fxe1=R $2 32. Rxe1 Qd2+ 33. Kxg3 $19) 32. Rxe1 Qd2+ 33. Kxg3 Qxe1+ $19) 29... Qh5 30. Rh1 g5 31. Nf5 g4 32. gxf4 Qe8 {[%emt 0:00:00] Wards off Rd8} 33. Rd4 Qa4 34. Rhd1 {[%emt 0:00:20] Weighted Error Value: White=0.06 (flawless) /Black=0.59.  Mistake:       	---       	Black=3      Inaccurate:     	---       	Black=2      OK:         	White=12    	Black=5      Best:        	White=2     	---        Strong:       	White=2     	---} 1-0

[Event "Indian Rapid Championship 2023-24"]
[Site "Nashik"]
[Date "2024.03.06"]
[Round "10.8"]
[White "Pimpalkhare Vedant"]
[Black "Sengupta, Deep"]
[Result "1-0"]
[ECO "D02"]
[WhiteElo "2254"]
[BlackElo "2500"]
[Annotator "RC"]
[PlyCount "111"]
[EventDate "2024.03.02"]
[EventType "swiss"]
[EventCountry "IND"]
[SourceTitle "playchess.com"]
[Source "ChessBase"]
[SourceQuality "1"]
[TimeControl "900+10"]

1. d4 e6 2. g3 c5 3. Nf3 cxd4 4. Nxd4 d5 5. Bg2 Nf6 6. O-O Be7 7. c4 O-O 8. cxd5 Nxd5 9. e4 Nb4 10. Nc3 N8c6 11. Nxc6 bxc6 12. Qa4 Bc5 13. e5 Qb6 14. a3 Nd3 15. Qc2 Ba6 16. Na4 Qb5 17. Nxc5 Qxc5 18. Qxc5 Nxc5 19. Rd1 Nb3 20. Rb1 Rad8 21. Bg5 Rd5 22. Bxd5 cxd5 23. Be3 Ra8 24. Rbc1 Be2 25. Re1 Nxc1 26. Rxc1 f6 27. f4 Bc4 28. Rc3 Rb8 29. b4 a6 30. Bd4 Kf7 31. Kf2 Ra8 32. Bb6 Rb8 33. Bd4 h5 34. Ke3 Kg6 35. Ba7 Rb7 36. Bc5 Kf5 37. Kd4 Kg4 38. Bf8 Kf5 39. Bd6 h4 40. gxh4 a5 41. Rg3 axb4 42. axb4 Ra7 43. Kc5 Rb7 44. Kc6 Ra7 45. b5 d4 46. b6 Ra1 47. Kc5 d3 48. Kxc4 d2 49. Rd3 Rc1+ 50. Kb5 Rb1+ 51. Kc6 d1=Q 52. Rxd1 Rxd1 53. b7 Rb1 54. b8=Q Rxb8 55. Bxb8 Kg4 56. Kd7 1-0

[Event "Indian Rapid Championship 2023-24"]
[Site "Nashik"]
[Date "2024.03.06"]
[Round "10.9"]
[White "Hari Madhavan N B"]
[Black "Karthik Venkataraman"]
[Result "1/2-1/2"]
[ECO "D02"]
[WhiteElo "2395"]
[BlackElo "2609"]
[Annotator "TA"]
[PlyCount "166"]
[EventDate "2024.03.02"]
[EventType "swiss"]
[EventCountry "IND"]
[SourceTitle "playchess.com"]
[Source "ChessBase"]
[SourceQuality "1"]
[TimeControl "900+10"]

1. d4 d5 2. Nf3 Nf6 3. Bf4 c5 4. e3 Nc6 5. c3 Qb6 6. Qb3 c4 7. Qc2 Bf5 8. Qc1 h6 9. h3 e6 10. Nbd2 Be7 11. Be2 O-O 12. O-O Rfc8 13. Bd1 Qd8 14. Bc2 b5 15. Re1 b4 16. e4 Nxe4 17. Nxe4 dxe4 18. Bxe4 Bxe4 19. Rxe4 Qd5 20. Re2 Bf8 21. Ne5 Ne7 22. Ng4 Qd8 23. cxb4 Nf5 24. a3 h5 25. Ne5 Qxd4 26. Nf3 Qb6 27. Be3 Qb7 28. Rc2 a5 29. bxa5 Rxa5 30. Bd2 Rd5 31. Rxc4 Rxc4 32. Qxc4 Qxb2 33. Qa2 Qf6 34. Rb1 Bc5 35. Bb4 Ba7 36. Qc4 Nd4 37. Nxd4 Rxd4 38. Qc2 Rf4 39. Bc5 Bxc5 40. Qxc5 Qg6 41. Rb5 Ra4 42. Qxh5 Qxh5 43. Rxh5 f5 44. g4 Rxa3 45. gxf5 Ra5 46. Kg2 exf5 47. Rg5 Kf7 48. Rg3 Ra4 49. Rb3 g6 50. Rb6 Kg7 51. Kg3 Ra3+ 52. Kg2 Kh6 53. f4 Rc3 54. Rb7 Rc2+ 55. Kg3 Rc3+ 56. Kg2 Rc2+ 57. Kg3 Ra2 58. Rc7 $1 Ra3+ 59. Kg2 Ra1 60. Rb7 Rd1 61. Rc7 Rd3 62. Ra7 Rd8 63. Rc7 Rd6 64. Kg3 Rd3+ 65. Kg2 Rd8 66. Kg3 Rg8 67. Rb7 Rf8 68. Rc7 Ra8 69. Rb7 Ra3+ 70. Kg2 Ra2+ 71. Kg3 Ra6 72. Rd7 Rb6 73. Rc7 Rb3+ 74. Kg2 g5 75. fxg5+ Kxg5 76. Rc4 Rb2+ 77. Kg3 Rb3+ 78. Kg2 Ra3 79. Rb4 f4 80. Rb5+ Kh4 81. Rf5 f3+ 82. Rxf3 Rxf3 83. Kxf3 Kxh3 1/2-1/2